Map: Ruins of Seras

Players

Silentknight

  • Race: Protoss Protoss

DBReaper

  • Race: Protoss Protoss

Shamanas - Winner!

  • Race: Protoss Protoss

Proletarier - Winner!

  • Race: Protoss Protoss

VOD

Have the link to the VOD?

Description

Time

  • Played on: May 1, 2015, 9:57 a.m.
  • Length: 14:37
Show
View Real Time Build Order
Export as new Build Order

Silentknight Protoss 

Build Orders: Oracle Opening, Oracle Opening 

Get SALT Encoding   

  12  0:02  Probe  
  13  0:17  Pylon  
  13  0:25  Probe  
  14  0:39  Gateway  
  14  0:40  Probe (Chrono Boost)  
  15  0:52  Probe (Chrono Boost)  
  16  0:57  Assimilator x2  
  16  0:59  Probe (Chrono Boost)  
  16  1:04  Pylon  
  17  1:09  Probe (Chrono Boost)  
  18  1:21  Probe (Chrono Boost)  
  19  1:29  Cybernetics Core  
  19  1:30  Probe (Chrono Boost)  
  20  1:42  Probe (Chrono Boost)  
  21  1:59  Probe  
  22  2:07  Warp Gate (Chrono Boost)  
  22  2:09  Stargate  
  22  2:12  Probe  
  22  2:14  Adept (Chrono Boost)  
  25  2:34  Adept  
  27  2:50  Nexus  
  27  2:52  Probe  
  28  3:03  Pylon  
  28  3:13  Probe  
  29  3:21  Oracle (Chrono Boost)  
  29  3:23  Gateway  
  29  3:26  Mothership Core  
  34  3:47  Probe (Chrono Boost)  
  35  3:52  Robotics Facility  
  35  3:58  Probe (Chrono Boost)  
  35  4:01  Pylon  
  36  4:05  Probe (Chrono Boost)  
  33  4:17  Stalker  
  33  4:20  Stalker  
  33  4:21  Probe x2  
  39  4:29  Forge  
  39  4:33  Probe x2  
  41  4:41  Immortal  
  41  4:45  Probe (Chrono Boost)  
  46  4:49  Probe (Chrono Boost)  
  47  4:55  Pylon  
  47  4:57  Probe (Chrono Boost), Oracle (Chrono Boost)  
  49  5:17  Photon Cannon  
  49  5:18  Probe (Chrono Boost)  
  49  5:19  Probe (Chrono Boost)  
  51  5:26  Protoss Ground Weapons Level 1  
  51  5:31  Stalker  
  51  5:34  Probe (Chrono Boost)  
  54  5:42  Stalker  
  54  5:44  Probe  
  54  5:45  Probe  
  55  5:56  Gateway  
  55  5:58  Gateway  
  54  6:10  Probe x2  
  56  6:15  Robotics Bay  
  53  6:19  Assimilator  
  53  6:23  Assimilator  
  53  6:25  Probe x2  
  55  6:30  Observer  
  56  6:37  Probe x2  
  56  6:38  Photon Cannon  
  58  6:51  Nexus, Pylon  
  58  6:56  Warp Prism (Chrono Boost)  
  58  7:01  Probe x2  
  62  7:11  Photon Cannon  
  62  7:13  Probe x2  
  62  7:15  Photon Cannon  
  68  7:25  Disruptor (Chrono Boost)  
  68  7:34  Probe x2  
  70  7:46  Probe x2  
  76  8:01  Disruptor, Pylon  
  76  8:02  Probe x2, Pylon  
  78  8:05  Protoss Ground Armor Level 1  
  78  8:13  Twilight Council  
  78  8:15  Probe (Chrono Boost)  
  78  8:19  Stalker x3  
  85  8:20  Stalker  
  85  8:22  Probe x2 (Chrono Boost)  
  85  8:25  Photon Cannon  
  85  8:26  Disruptor  
  90  8:28  Probe (Chrono Boost)  
  90  8:33  Probe (Chrono Boost)  
  90  8:34  Probe (Chrono Boost)  
  92  8:37  Probe (Chrono Boost)  
  91  8:50  Photon Cannon, Blink (Chrono Boost)  
  91  8:52  Photon Cannon  
  88  8:59  Templar Archives  
  86  9:08  Warp Prism (Chrono Boost)  
  86  9:11  Probe x3  
  86  9:12  Stalker  
  86  9:13  Stalker x3  
  99  9:17  Assimilator  
  99  9:19  Assimilator  
  99  9:23  Probe x2  
  101  9:25  Probe  
  102  9:34  Gateway x2  
  102  9:35  Probe  
  102  9:37  Gateway  
  103  9:49  Protoss Ground Weapons Level 2  
  103  9:51  Zealot  
  105  9:53  Pylon  
  105  9:56  Photon Cannon  
  105  9:57  Photon Cannon  
  103  10:05  Psionic Storm  
  103  10:06  Disruptor, Photon Cannon  
  103  10:08  Photon Cannon  
  107  10:18  Stalker  
  107  10:19  Zealot x2  
  113  10:22  Disruptor  
  113  10:32  Disruptor  
  113  10:49  Pylon  
  113  10:54  Pylon  
  113  11:02  Disruptor  
  111  11:10  Pylon  
  109  11:23  Zealot  
  109  11:24  Stalker x4, Zealot  
  109  11:25  Stalker  
  119  11:26  Probe x2  
  119  11:27  Probe  
  122  11:42  Pylon  
  122  11:44  Pylon  
  119  12:04  Colossus  
  119  12:07  Stalker x4  
  119  12:08  Stalker x2, Pylon  
  137  12:18  Nexus  
  137  12:20  Assimilator  
  137  12:22  Nexus  
  137  12:24  Pylon, Assimilator  
  137  12:25  Charge (Chrono Boost)  
  137  12:26  Stalker, Pylon  
  137  12:27  Pylon  
  138  12:31  Pylon  
  134  12:40  Disruptor x2  
  133  12:53  Photon Cannon  
  133  12:54  Photon Cannon  
  133  12:55  Photon Cannon  
  133  12:56  Stalker, Zealot x2  
  140  12:58  Observer  
  140  13:10  Pylon  
  132  13:15  Pylon, Photon Cannon  
  103  13:33  High Templar x5  
  101  13:34  High Templar x2  
  101  13:41  Gateway x2  
  91  13:46  Gateway x2, Archon x2  
  60  14:03  Stalker x2, Photon Cannon  
  60  14:06  Photon Cannon  
  60  14:08  Photon Cannon  
  55  14:24  Stalker x4  
  57  14:25  Stalker x3  
Show
View Real Time Build Order
Export as new Build Order

DBReaper Protoss 

Build Orders: 1 Gate Expand, Oracle Opening, Oracle Opening 

Get SALT Encoding   

  12  0:01  Probe  
  13  0:13  Probe  
  14  0:21  Pylon  
  14  0:36  Probe  
  14  0:40  Gateway  
  15  0:44  Probe  
  16  0:56  Probe  
  16  1:04  Probe  
  18  1:16  Nexus  
  18  1:18  Probe  
  19  1:28  Pylon  
  19  1:30  Probe  
  20  1:37  Assimilator  
  20  1:39  Probe  
  20  1:40  Assimilator  
  21  1:47  Probe  
  22  1:55  Cybernetics Core  
  22  1:59  Probe  
  23  2:06  Zealot  
  23  2:08  Probe  
  26  2:17  Probe  
  26  2:19  Pylon  
  27  2:31  Mothership Core  
  27  2:35  Probe  
  29  2:37  Warp Gate  
  29  2:47  Probe  
  29  2:52  Probe  
  31  3:03  Probe  
  31  3:05  Probe  
  33  3:11  Stargate  
  33  3:13  Probe, Zealot  
  33  3:17  Probe  
  37  3:22  Gateway  
  37  3:23  Probe  
  37  3:26  Gateway, Probe  
  39  3:35  Probe  
  39  3:39  Probe  
  39  3:40  Adept  
  41  3:47  Probe  
  44  3:50  Oracle  
  44  3:51  Probe  
  45  3:59  Probe  
  48  4:03  Probe  
  49  4:12  Probe  
  49  4:15  Pylon  
  48  4:20  Probe, Forge  
  48  4:23  Assimilator  
  49  4:26  Assimilator  
  49  4:34  Probe x2  
  49  4:37  Protoss Ground Weapons Level 1  
  48  4:44  Probe x2  
  48  4:46  Stalker x2  
  54  4:56  Phoenix  
  54  4:58  Pylon  
  56  5:09  Probe x2  
  58  5:16  Stalker x2  
  58  5:21  Probe  
  63  5:22  Phoenix  
  64  5:30  Probe  
  64  5:31  Probe  
  64  5:38  Probe  
  63  5:43  Probe  
  64  5:50  Stalker x2  
  68  6:01  Pylon  
  68  6:13  Twilight Council, Protoss Ground Armor Level 1  
  68  6:16  Phoenix, Robotics Facility  
  68  6:19  Probe x2  
  68  6:21  Pylon  
  72  6:31  Probe  
  72  6:32  Probe, Nexus  
  74  6:35  Pylon  
  74  6:47  Pylon  
  74  6:48  Assimilator  
  74  6:49  Phoenix  
  74  6:50  Zealot  
  74  6:53  Probe x2, Assimilator  
  80  7:04  Observer  
  80  7:07  Stalker x2  
  85  7:09  Pylon  
  85  7:11  Phoenix  
  85  7:17  Probe x2, Photon Cannon  
  85  7:19  Photon Cannon  
  89  7:23  Robotics Bay  
  91  7:36  Probe x2, Warp Prism (Chrono Boost)  
  93  7:38  Phoenix  
  95  7:47  Probe  
  95  7:48  Probe x2  
  98  7:52  Pylon  
  98  7:55  Stalker  
  98  7:56  Probe  
  100  8:00  Probe x2  
  100  8:01  Protoss Ground Weapons Level 2  
  103  8:08  Probe  
  103  8:10  Probe  
  103  8:12  Charge  
  105  8:14  Phoenix  
  107  8:21  Disruptor  
  111  8:29  Probe x3  
  112  8:40  Phoenix  
  112  8:45  Probe  
  112  8:46  Probe  
  111  8:49  Probe  
  111  8:54  Probe  
  114  9:01  Warp Prism (Chrono Boost)  
  108  9:03  Probe, Nexus  
  108  9:04  Probe  
  108  9:06  Pylon  
  108  9:08  Assimilator  
  112  9:10  Assimilator  
  112  9:12  Probe  
  112  9:15  Pylon  
  112  9:16  Probe x2, Gravitic Drive  
  115  9:32  Pylon  
  119  9:39  Photon Cannon  
  119  9:40  Zealot x3  
  119  9:41  Photon Cannon  
  119  9:42  Disruptor (Chrono Boost)  
  125  9:50  Probe x3  
  128  9:55  Stargate  
  128  9:58  Stargate  
  124  10:00  Fleet Beacon  
  124  10:02  Probe  
  124  10:03  Pylon, Blink (Chrono Boost)  
  121  10:07  Pylon  
  121  10:10  Carrier x2  
  121  10:11  Protoss Air Weapons Level 1  
  121  10:22  Carrier  
  121  10:24  Protoss Ground Weapons Level 3 (Chrono Boost), Probe  
  121  10:25  Probe  
  122  10:28  Probe  
  122  10:29  Probe  
  122  10:35  Immortal  
  147  10:53  Dark Shrine  
  147  10:55  Templar Archives  
  147  11:01  Carrier x2  
  142  11:05  Stalker  
  142  11:06  Stalker  
  140  11:15  Probe x2  
  140  11:16  Probe  
  143  11:32  Zealot x3  
  161  11:40  Gateway  
  161  11:41  Gateway  
  153  11:48  Gateway  
  153  11:50  Graviton Catapult  
  153  11:51  Protoss Air Armor Level 1  
  147  11:57  Pylon  
  147  12:01  Probe  
  147  12:02  Probe x3  
  151  12:12  Carrier x2  
  151  12:15  Pylon  
  151  12:24  Dark Templar  
  151  12:27  Dark Templar  
  151  12:28  Nexus  
  155  12:34  Dark Templar  
  155  12:36  Disruptor  
  165  12:54  Observer, Zealot x3  
  148  13:23  Disruptor, Zealot x2  
  148  13:26  Zealot  
  146  13:33  Assimilator  
  144  13:38  Assimilator  
  144  13:40  Adept  
  144  13:41  Adept x3  
  144  13:42  Pylon  
  144  13:43  Pylon  
  148  14:01  Photon Cannon  
  150  14:05  Photon Cannon  
  150  14:20  Stalker, High Templar x2  
  150  14:21  High Templar x2  
  150  14:24  Archon  
  160  14:25  Archon  
  160  14:28  Zealot  
Show
View Real Time Build Order
Export as new Build Order

Shamanas Protoss - Winner!

Build Orders:  

Get SALT Encoding   

Show
View Real Time Build Order
Export as new Build Order

Proletarier Protoss - Winner!

Build Orders:  

Get SALT Encoding   

Tags
 
Add a new tag
Caveats
  • Supply blocks, unpowered buildings, or Contaminate may cause inaccurate times.
  • Supply counts are checked every 10 seconds.